 Dungeon Crawl Stone Soup version 0.30-a0-341-g682706514a (webtiles) character file.

Game seed: 15881062867012227727

5938 KennySheep the Conjurer (level 10, 0/83 HPs)
             Began as a Demigod Conjurer on Nov 2, 2022.
             Shot with an arrow by a centaur warrior (8 damage)
             ... on level 8 of the Dungeon.
             The game lasted 00:33:25 (9498 turns).

KennySheep the Conjurer (Demigod Conjurer)          Turns: 9498, Time: 00:33:26

Health: 0/83       AC:  5    Str: 16    XL:     10   Next: 29%
Magic:  1/21       EV: 13    Int: 24    God:
Gold:   449        SH:  0    Dex: 12    Spells: 11/18 levels left

rFire   + . .      SeeInvis .    b - +0 quarterstaff
rCold   + . .      Faith    .    (shield currently unavailable)
rNeg    . . .      Spirit   .    a - +0 robe
rPois   .          Reflect  .    (no helmet)
rElec   .          Harm     .    F - +0 cloak
rCorr   .          Rampage  .    L - +0 pair of gloves
Will    +....                    D - +0 pair of boots
Stlth   ++........               E - amulet of the acrobat
HPRegen 0.33/turn                e - ring of protection from cold
MPRegen 0.17/turn                p - ring of protection from fire

@: no status effects
A: high MP 1, forlorn, divine attributes
a: no special abilities


You were on level 8 of the Dungeon.
You visited 1 branch of the dungeon, and saw 8 of its levels.

You collected 583 gold pieces.
You spent 134 gold pieces at shops.

Inventory:

Hand Weapons
 b - a +0 quarterstaff (weapon)
 o - a +2 dagger of draining
Armour
 a - a +0 robe (worn)
 D - a +0 pair of boots (worn)
 F - a +0 cloak (worn)
 L - a +0 pair of gloves (worn)
Jewellery
 d - a +4 ring of evasion
 e - a ring of protection from cold (left hand)
 h - an amulet of guardian spirit
 p - a ring of protection from fire (right hand)
 v - an amulet of reflection
 B - a ring of protection from fire
 E - an amulet of the acrobat (around neck)
Wands
 w - a wand of polymorph (11)
 J - a wand of flame (10)
 K - a wand of acid (9)
Scrolls
 f - 2 scrolls of fog
 g - a scroll of immolation
 j - a scroll of amnesia
 k - a scroll of vulnerability
 m - a scroll of teleportation
 q - 2 scrolls of magic mapping
 y - 2 scrolls of torment
 z - a scroll of enchant weapon
 A - a scroll of enchant armour
 G - 3 scrolls of identify
 I - a scroll of brand weapon {unknown}
Potions
 c - a potion of ambrosia
 l - 2 potions of haste
 n - 2 potions of degeneration {unknown}
 r - 2 potions of might
 s - a potion of mutation {unknown}
 t - 2 potions of brilliance {unknown}
 u - 4 potions of curing
 x - a potion of attraction
 C - 3 potions of lignification {unknown}


   Skills:
 * Level 6.0 Fighting
 + Level 4.1 Dodging
 - Level 1.7 Stealth
 + Level 3.6 Unarmed Combat
 + Level 4.9 Spellcasting
 - Level 6.0 Conjurations
 + Level 6.0 Translocations
 * Level 5.2 Transmutations
 * Level 5.2 Earth Magic


You had 11 spell levels left.
You knew the following spells:

 Your Spells              Type           Power      Damage    Failure   Level
a - Magic Dart            Conj           100%       1d8       1%          1
b - Searing Ray           Conj           68%        2d6       1%          2
c - Iskenderun's Mystic   Conj/Tloc      34%        2d8       8%          4

Your spell library contained the following spells:

 Spells                   Type           Power      Damage    Failure   Level
 Dazzling Flash           Conj/Hex       40%        N/A       8%          3
 Portal Projectile        Hex/Tloc       40%        N/A       8%          3
 Petrify                  Tmut/Erth      31%        N/A       10%         4
 Kindle Blastsparks       Fire/Tloc/Air  30%        2d12      12%         3
 Call Canine Familiar     Summ           5%         N/A       26%         3
 Fulminant Prism          Conj/Hex       10%        3d9       26%         4
 Lee's Rapid Deconstruct  Erth           15%        3d10*     28%         5
 Leda's Liquefaction      Hex/Erth       9%         N/A       30%         4
 Olgreb's Toxic Radiance  Pois           5%         N/A       65%         4
 Statue Form              Tmut/Erth      20%        N/A       83%         6
 Metabolic Englaciation   Hex/Ice        2%         N/A       94%         5
 Ozocubu's Refrigeration  Ice            2%         4d8       100%        7
 Ignition                 Fire           2%         3d3       100%        8


Dungeon Overview and Level Annotations

Branches:
Dungeon (8/15)             Temple (0/1) D:4
   Lair: D:8-11

Shops:
D:3 :   D:4 *


Innate Abilities, Weirdness & Mutations

You have an increased reservoir of magic. (+10% MP)
You shall have no god before yourself.
Your divine heritage dramatically boosts your attributes as you level up.


Message History

* * * LOW HITPOINT WARNING * * *
The orc warrior attacks as you move away!
The orc warrior closely misses you.
The orc warrior attacks as you move away!
The orc warrior barely misses you.
The orc warrior attacks as you move away!
The orc warrior misses you.
The orc warrior attacks as you move away!
The orc warrior completely misses you.
The orc warrior attacks as you move away!
The orc warrior hits you with a +0 scimitar!
* * * LOW HITPOINT WARNING * * *
The centaur warrior shouts!
The centaur warrior wields a +0 shortbow.
The centaur warrior shoots an arrow.
The arrow completely misses you.
The centaur warrior shoots an arrow.
The arrow misses you. What are your orders? t - Shout!
Orders for allies: a - Attack new target. r - Retreat! s - Stop attacking. g - Guard the area. f - Follow me.
Anything else - Cancel.
Okay, then.
Okay, then.
Okay, then.
Okay, then.
The air fills with toxic fumes!
As you read the scroll labelled OSHUOCK WECKUI, it crumbles to dust.
It was a scroll of poison.
The orc warrior hits you with a +0 scimitar.
* * * LOW HITPOINT WARNING * * *
Casting: Iskenderun's Mystic Blast (dangerous; 8% risk of failure)
Confirm with . or Enter, or press ? or * to list all spells.
You erupt in a blast of force!
The mystic blast hits the steam dragon.
You kill the steam dragon!
The mystic blast hits the orc warrior.
The orc warrior is severely wounded.
The orc warrior is knocked back by the mystic blast.
The centaur warrior shoots an arrow.
The arrow hits you!
You die...

#.#g##.#.##.#
#§#)##.#o##.#
#§#.##o#.##)#
#§#.#....##.#
#g#.#######.# #§#.#
#.# #.#.# #.# #o#.#
#.# #@#.# #.# #§#.#
#.# #§#.# #.# #
#§#.# #.#
#.#§#.#######.# ..
#.#§c.)[[)....#
...♣#.###.#########
♣....##.# #.....#


You could see a centaur warrior, an orc warrior and a gnoll sergeant.

Vanquished Creatures
  A centaur warrior (D:8)
  A cyclops (D:8)
  Psyche (D:8)
  3 steam dragons
  2 vampire mosquitoes (D:8)
  A water moccasin (D:8)
  2 orc warriors
  4 black bears
  An ice beast (D:6)
  5 centaurs
  An ogre (D:4)
  3 phantoms
  A kobold brigand (D:6)
  3 scorpions
  3 necrophages
  10 bullfrogs
  7 wights
  A killer bee (D:8)
  6 howler monkeys
  3 hounds
  4 jellies
  3 orc priests (D:8)
  2 gnoll boudas
  5 iguanas
  13 orc wizards
  4 gnolls
  11 adders
  A shadow imp (D:5)
  A white imp (D:5)
  2 dart slugs
  36 orcs
  6 ball pythons
  3 bats
  5 endoplasms
  A giant cockroach (D:1)
  2 goblins (D:2)
  3 hobgoblins
  8 kobolds
  5 quokkas
  6 frilled lizards
  6 rats
186 creatures vanquished.

Vanquished Creatures (others)
  A deep elf pyromancer (D:8)
  A wight (D:8)
  A jelly (D:8)
  47 plants (D:8)
50 creatures vanquished.

Grand Total: 236 creatures vanquished

Notes
Turn   | Place    | Note
-------+----------+-------------------------------------------
     0 | D:1      | KennySheep the Demigod Conjurer began the quest for the
                  | Orb.
     0 | D:1      | Reached XP level 1. HP: 14/14 MP: 5/5
   553 | D:1      | Reached XP level 2. HP: 20/20 MP: 5/7
   556 | D:1      | Learned a level 2 spell: Searing Ray
   639 | D:2      | Reached skill level 1 in Translocations
   927 | D:2      | Reached XP level 3. HP: 26/26 MP: 1/8
  1662 | D:3      | Found Vuith's Book Emporium.
  2085 | D:3      | Reached XP level 4. HP: 33/33 MP: 6/10
  2090 | D:3      | Learned a level 4 spell: Iskenderun's Mystic Blast
  2540 | D:4      | Found Qesuk's Assorted Antiques.
  2551 | D:4      | Bought a scroll labelled FEKLEP JIW for 20 gold pieces
  2551 | D:4      | Bought a scroll labelled WUCWOTU YNAIJA for 20 gold pieces
  2551 | D:4      | Bought a silvery potion for 18 gold pieces
  2551 | D:4      | Bought a green potion for 18 gold pieces
  2551 | D:4      | Bought a yellow potion for 18 gold pieces
  2551 | D:4      | Bought a scroll labelled KODOASKUBA for 20 gold pieces
  2551 | D:4      | Bought a scroll labelled ANIDUA DOOCW for 20 gold pieces
  2963 | D:4      | Reached XP level 5. HP: 38/38 MP: 8/11
  3043 | D:4      | Found a staircase to the Ecumenical Temple.
  3171 | D:4      | You fall into a shaft and drop 2 floors!
  3201 | D:5      | Entered Level 5 of the Dungeon
  3312 | D:4      | Noticed an ogre
  3317 | D:4      | Killed an ogre
  3318 | D:4      | Reached skill level 1 in Fighting
  3318 | D:4      | Reached skill level 5 in Conjurations
  3493 | D:4      | Reached XP level 6. HP: 39/47 MP: 3/13
  4164 | D:5      | Noticed a steam dragon
  4195 | D:5      | Killed a steam dragon
  4196 | D:5      | Reached XP level 7. HP: 54/55 MP: 5/15
  5141 | D:6      | Reached skill level 1 in Transmutations
  5141 | D:6      | Reached skill level 1 in Earth Magic
  5320 | D:6      | Reached skill level 1 in Unarmed Combat
  5320 | D:6      | Reached XP level 8. HP: 44/63 MP: 0/16
  5897 | D:6      | Reached skill level 5 in Translocations
  5903 | D:6      | Identified the +1 ring mail of Perfidy {Rampage}
  7085 | D:7      | Reached XP level 9. HP: 71/71 MP: 9/18
  7983 | D:8      | Noticed Psyche
  8158 | D:8      | Reached skill level 5 in Fighting
  8188 | D:8      | Killed Psyche
  8869 | D:8      | Noticed a gargoyle
  8969 | D:8      | Noticed a cyclops
  8993 | D:8      | Killed a cyclops
  8994 | D:8      | Reached XP level 10. HP: 63/83 MP: 0/20
  8997 | D:8      | Noticed a two-headed ogre
  8997 | D:8      | Noticed a deep elf pyromancer
  8999 | D:8      | Noticed a centaur warrior
  8999 | D:8      | Noticed a centaur warrior
  9003 | D:8      | Identified the +8 chain mail "Suyhiups" {Drain rPois Int+6}
  9005 | D:8      | Noticed a centaur warrior
  9014 | D:8      | Killed a deep elf pyromancer
  9061 | D:8      | Killed a centaur warrior
  9062 | D:8      | Reached skill level 5 in Transmutations
  9062 | D:8      | Reached skill level 5 in Earth Magic
  9498 | D:8      | Shot with an arrow by a centaur warrior

Illustrated notes

Levels and vault maps discovered:
D:1:      onia_arrival_pyramid, layout_rooms, minmay_tromino_i2
D:2:      layout_basic, kennysheep_another_room, chequers_serial_rivers_micro_e,
          minmay_misc_feat_tiny, kennysheep_generic_room_6
D:3:      layout_loops_corners, serial_shops, nicolae_shop_waterfront
D:4:      layout_cave_pods, mainiacjoe_overflow_alcove_1,
          minmay_temple_entry_junction_2, serial_shops, nicolae_diamond_shop
D:5:      layout_rooms, kennysheep_doodads
D:6:      layout_cave_pods, chequers_temple_overflow_statue_of_worship,
          minmay_diced_spiral
D:7:      layout_basic, nicolae_underground_beach
D:8:      nzn_winding_woodlands_large [nzn_winding_woodlands_5x5_cross,
          nzn_winding_woodlands_5x15_parted, nzn_winding_woodlands_hourglass,
          nzn_winding_woodlands_center_lodge,
          nzn_winding_woodlands_15x15_five_gardens,
          nzn_winding_woodlands_center_garden,
          nzn_winding_woodlands_5x5_perimeter, nzn_winding_woodlands_5x15_eye,
          nzn_winding_woodlands_5x5_checkerboard], layout_basic, serial_glass,
          glass_columns_a, glass_columns_a, glass_columns_b, glass_columns_b,
          uniq_psyche

Skill      XL: |  1  2  3  4  5  6  7  8  9 10 |
---------------+-------------------------------+-----
Spellcasting   | 2 3 4 |  4.9
Translocations | 1 2 3 4 5 6 |  6.0
Conjurations   | 4 5 6 |  6.0
Fighting       | 1 2 3 4 5 6 |  6.0
Transmutations | 1 3 4 5 |  5.2
Earth Magic    | 1 3 4 5 |  5.2
Dodging        | 2 3 4 |  4.1
Unarmed Combat | 1 2 3 |  3.6
Stealth        | |  1.7

Action                   |  1- 3 |  4- 6 |  7- 9 | 10-12 || total
-------------------------+-------+-------+-------+-------++-------
Melee: Quarterstaff      |       |     4 |    79 |    32 ||   115
 Cast: Magic Dart        |    79 |    66 |    68 |     7 ||   220
       Searing Ray       |     1 |     9 |    63 |     9 ||    82
       Iskenderun's Myst |       |       |    27 |    10 ||    37
  Use: Scroll            |       |    11 |     2 |     3 ||    16
       Potion            |       |     5 |     1 |     6 ||    12
Armor: Robe              |     5 |     1 |    42 |    20 ||    68
Dodge: Dodged            |     8 |    17 |   200 |    74 ||   299
Block: Other             |       |     4 |       |       ||     4

Table legend: (Time is in decaauts)
 A = Elapsed time spent in this place.
 B = Non-inter-level travel time spent in this place.
 C = Inter-level travel time spent in this place.
 D = Time resting spent in this place.
 E = Time spent auto-exploring this place.
 F = Levels seen in this place.
 G = Mean time per level.
                   A        B        C        D        E       F      G
               +--------+--------+--------+--------+--------+-----+--------+
         Total |   9504 |   9135 |    369 |   1956 |   5484 |   8 | 1188.0 |
       Dungeon |   9504 |   9135 |    369 |   1956 |   5484 |   8 | 1188.0 |
               +--------+--------+--------+--------+--------+-----+--------+

Top non-repeatable levels by time:
     D:6: 1592 daAuts
     D:4: 1465 daAuts
     D:7: 1415 daAuts
     D:8: 1406 daAuts
     D:3: 1105 daAuts
     D:5: 1084 daAuts
     D:2: 729 daAuts
     D:1: 704 daAuts
